Map: World of Sleepers LE

Players

pHARM - Winner!

  • Race: Zerg Zerg
  • League: Platinum
  • Spawn Location: 1:00

Rohdester

  • Race: Zerg Zerg
  • League: Gold
  • Spawn Location: 7:00

VOD

Have the link to the VOD?

Description

Time

  • Played on: Aug. 31, 2019, 1:44 a.m.
  • Length: 19:52
Show
View Real Time Build Order
Export as new Build Order

pHARM Zerg - Winner!

Build Orders: Hatch First, Roach Hydra 

Get SALT Encoding   

  12  0:01  Drone  
  13  0:14  Drone  
  13  0:16  Overlord  
  14  0:25  Extractor  
  14  0:26  Drone  
  15  0:34  Drone  
  16  0:42  Drone  
  17  0:55  Hatchery  
  16  1:05  Drone x2  
  18  1:17  Drone  
  19  1:19  Spawning Pool  
  19  1:21  Drone  
  19  1:36  Drone  
  20  1:41  Extractor  
  20  1:42  Drone  
  20  1:58  Overlord  
  20  2:08  Queen x2  
  20  2:10  Drone x2  
  26  2:19  Drone  
  26  2:20  Drone  
  28  2:30  Drone x2  
  30  2:39  Drone  
  30  2:40  Drone  
  32  2:47  Queen  
  34  2:52  Metabolic Boost  
  34  2:53  Drone  
  34  2:54  Drone  
  36  3:09  Overlord  
  36  3:27  Drone x2  
  36  3:28  Drone x6  
  36  3:31  Extractor  
  43  3:38  Evolution Chamber  
  42  3:41  Drone, Roach Warren  
  42  3:42  Drone  
  42  3:43  Evolution Chamber  
  42  3:46  Lair  
  42  3:57  Extractor  
  42  3:58  Drone x3  
  44  4:04  Zerg Missile Weapons Level 1  
  44  4:11  Overlord x2  
  44  4:33  Roach  
  44  4:34  Roach x3  
  44  4:35  Overlord x2  
  52  4:46  Glial Reconstitution  
  52  5:00  Ravager  
  52  5:04  Roach x7  
  52  5:06  Drone  
  68  5:07  Overlord x2  
  68  5:16  Overlord x2  
  68  5:27  Drone  
  68  5:28  Drone x2  
  71  5:49  Hatchery  
  68  6:10  Roach x5  
  78  6:15  Drone x7  
  85  6:23  Overlord  
  85  6:54  Roach  
  85  6:55  Roach x6  
  99  7:19  Pneumatized Carapace  
  99  7:35  Extractor  
  98  7:38  Hydralisk Den  
  98  7:41  Infestation Pit  
  98  7:44  Queen  
  96  7:48  Overlord x2  
  98  7:53  Drone  
  98  7:54  Drone x7  
  106  8:05  Spine Crawler  
  105  8:06  Spore Crawler, Spine Crawler  
  105  8:09  Drone  
  105  8:10  Spore Crawler  
  103  8:13  Drone  
  103  8:14  Spore Crawler  
  103  8:15  Roach x2  
  103  8:16  Roach x4  
  103  8:17  Overlord  
  115  8:21  Grooved Spines  
  115  8:23  Hive  
  115  8:31  Extractor  
  115  8:32  Extractor  
  113  8:35  Drone x4  
  117  8:43  Zerg Missile Weapons Level 2  
  117  8:44  Zerg Ground Armor Level 1  
  115  8:55  Burrow  
  113  8:57  Spore Crawler  
  113  9:01  Spore Crawler  
  111  9:03  Spore Crawler  
  111  9:06  Hydralisk x6  
  116  9:23  Overlord x2  
  83  9:32  Muscular Augments  
  77  9:40  Hydralisk x6  
  73  9:56  Roach x6  
  73  9:57  Roach x2  
  87  10:21  Drone x3  
  88  10:22  Overlord x2  
  88  10:23  Overlord x2  
  90  10:39  Zerg Ground Armor Level 2  
  90  10:52  Hydralisk x14  
  90  10:53  Hydralisk x2  
  90  10:54  Hatchery  
  90  10:55  Overlord x2  
  121  11:07  Drone  
  122  11:13  Overlord x2  
  122  11:17  Queen  
  124  11:28  Zerg Missile Weapons Level 3  
  124  11:34  Drone x11  
  127  12:03  Roach  
  127  12:04  Roach x11  
  111  12:11  Roach x4  
  97  12:29  Roach  
  115  12:30  Roach x10  
  119  12:39  Roach x4  
  119  12:42  Overlord x2  
  127  12:55  Drone  
  127  12:56  Drone x7  
  135  13:07  Drone  
  136  13:13  Zerg Ground Armor Level 3  
  136  13:21  Drone, Unknown  
  136  13:28  Drone x2  
  136  13:29  Drone  
  136  13:30  Hydralisk  
  136  13:31  Hydralisk x12  
  159  14:05  Spine Crawler  
  159  14:07  Spine Crawler  
  159  14:09  Queen x2  
  161  14:13  Spine Crawler  
  161  14:15  Spore Crawler, Spine Crawler  
  158  14:22  Drone x3  
  158  14:23  Drone  
  162  14:26  Hydralisk x7  
  162  14:28  Overlord x8  
  176  14:33  Zerg Melee Weapons Level 1  
  176  14:44  Spine Crawler  
  175  14:49  Hydralisk x7  
  189  14:58  Hatchery  
  176  16:14  Roach  
  176  16:15  Roach x17  
  176  16:16  Roach x7  
  176  16:17  Roach x3  
  176  16:18  Roach  
  160  16:37  Roach x5  
  160  16:38  Roach x5  
  150  16:48  Spine Crawler  
  150  16:49  Spine Crawler  
  150  16:52  Spine Crawler  
  150  16:53  Drone x4  
  151  17:04  Roach x5  
  151  17:05  Roach  
  155  17:19  Roach x9  
  163  17:38  Roach  
  163  17:39  Roach x5  
  173  17:47  Extractor  
  173  17:51  Extractor  
  147  18:13  Roach x11  
  147  18:14  Roach x6  
  181  18:35  Hydralisk x8  
  191  18:52  Hydralisk x6  
  175  19:36  Hatchery  
  180  19:46  Hatchery x2  
Show
View Real Time Build Order
Export as new Build Order

Rohdester Zerg 

Build Orders: Hatch First, Muta Ling Bane 

Get SALT Encoding   

  12  0:00  Drone  
  13  0:13  Overlord  
  13  0:17  Drone  
  14  0:31  Drone x2  
  16  0:49  Hatchery  
  15  0:52  Drone  
  15  0:56  Drone  
  17  1:02  Drone  
  18  1:06  Extractor  
  17  1:18  Spawning Pool  
  16  1:19  Drone  
  16  1:22  Drone  
  18  1:30  Drone  
  19  1:40  Drone  
  20  1:50  Drone  
  21  2:02  Drone  
  21  2:03  Overlord  
  21  2:05  Queen x2  
  26  2:11  Drone  
  26  2:13  Drone  
  28  2:22  Metabolic Boost  
  28  2:26  Zergling x2  
  28  2:28  Drone  
  30  2:35  Zergling x2  
  32  2:37  Drone  
  32  2:41  Queen  
  34  2:46  Baneling Nest  
  34  2:47  Zergling x2  
  34  2:48  Drone  
  35  3:06  Drone  
  35  3:07  Overlord  
  36  3:14  Lair  
  36  3:30  Drone x4  
  36  3:31  Drone  
  36  3:32  Zergling x6  
  36  3:34  Overlord  
  44  3:36  Hatchery  
  43  3:43  Evolution Chamber, Drone  
  43  3:45  Drone  
  44  3:55  Baneling x2  
  44  3:56  Baneling x2  
  44  3:57  Drone  
  44  3:59  Drone  
  44  4:00  Drone x2  
  48  4:02  Extractor  
  48  4:05  Extractor  
  48  4:06  Drone, Extractor  
  48  4:07  Drone  
  47  4:43  Drone x3  
  47  4:44  Drone x2  
  52  4:46  Overlord  
  52  4:52  Overlord x2  
  52  4:54  Centrifical Hooks  
  52  5:04  Overlord  
  52  5:08  Drone x2, Queen  
  52  5:10  Drone  
  57  5:30  Drone  
  57  5:32  Drone x3  
  57  5:35  Spire, Drone  
  61  5:37  Zerg Missile Weapons Level 1  
  61  5:39  Drone x2  
  61  5:41  Extractor  
  61  6:02  Roach Warren  
  57  6:17  Drone x2  
  57  6:18  Drone  
  52  6:42  Roach x2  
  52  6:43  Zergling x2, Roach x10  
  52  6:44  Zergling x10  
  83  7:01  Zergling x2, Roach  
  83  7:02  Overlord x2  
  83  7:03  Overlord, Hatchery  
  83  7:33  Mutalisk x8  
  83  7:37  Roach x4  
  107  7:55  Glial Reconstitution  
  107  7:57  Zerg Missile Weapons Level 2  
  107  8:02  Drone  
  107  8:03  Overlord x3  
  108  8:22  Roach x3  
  108  8:23  Roach x5  
  108  8:24  Roach x2  
  128  8:45  Hatchery  
  120  9:16  Roach x3  
  120  9:17  Roach x11  
  99  9:37  Roach x3  
  99  9:38  Roach  
  79  9:58  Roach x6  
  91  10:05  Ravager  
  91  10:06  Ravager x4  
  96  10:12  Queen  
  96  10:13  Drone x2  
  100  10:19  Zerg Ground Armor Level 1  
  101  10:21  Drone x3  
  101  10:22  Queen  
  105  10:30  Overlord  
  105  10:31  Overlord  
  103  10:35  Hydralisk Den  
  103  10:41  Drone  
  103  10:42  Drone  
  104  10:44  Drone x2  
  104  10:46  Roach  
  104  10:47  Roach x9  
  126  10:50  Drone x2  
  128  11:06  Drone x2  
  128  11:09  Drone x2  
  132  11:13  Extractor  
  132  11:14  Extractor  
  130  11:18  Grooved Spines  
  130  11:21  Zerg Flyer Weapons Level 1  
  130  11:35  Drone x2  
  130  11:37  Drone  
  130  11:39  Drone x2  
  136  11:40  Drone  
  136  11:43  Drone x3  
  136  11:44  Drone x2  
  136  11:47  Extractor  
  89  12:13  Zerg Melee Weapons Level 1  
  81  12:17  Ravager  
  81  12:18  Ravager  
  81  12:19  Ravager x2  
  81  12:21  Zergling x2  
  81  12:22  Zergling x14  
  93  12:23  Zergling x2  
  93  12:24  Zergling x18  
  93  12:26  Roach  
  93  12:27  Roach x7  
  119  12:38  Hatchery  
  118  13:04  Roach  
  118  13:05  Roach x12  
  126  14:04  Drone x2  
  126  14:05  Queen  
  130  14:15  Zergling x8, Hatchery  
  130  14:16  Hydralisk  
  130  14:17  Hydralisk x8  
  135  14:19  Overlord x5  
  151  14:25  Muscular Augments  
  151  14:26  Zerg Ground Armor Level 2  
  151  14:40  Drone x2  
  151  14:41  Drone, Hatchery  
  153  14:47  Hydralisk, Roach  
  153  14:48  Hydralisk x5, Roach  
  169  14:59  Zergling x2  
  170  15:00  Zergling x18  
  179  15:11  Drone x2  
  179  15:13  Unknown  
  180  15:14  Drone x3  
  180  15:18  Overlord  
  180  15:19  Overlord  
  180  15:21  Hydralisk x4  
  183  15:27  Infestation Pit  
  190  15:31  Nydus Network  
  175  15:59  Zergling x2  
  175  16:00  Zergling x36  
  119  16:49  Hydralisk  
  119  16:50  Hydralisk x5  
  119  16:51  Hydralisk x5  
  141  16:57  Hatchery  
  141  16:58  Drone x5  
  141  17:00  Queen  
  147  17:01  Drone x2  
  147  17:02  Drone  
  95  17:24  Roach  
  95  17:25  Roach x5  
  107  17:32  Roach  
  107  17:33  Roach x2  
  107  17:46  Roach  
  107  17:47  Roach x4  
  62  18:05  Roach x2  
  62  18:06  Roach x3  
  62  18:07  Roach  
  62  18:09  Ravager x4  
  74  18:13  Roach  
  74  18:14  Roach x2  
  71  18:26  Queen  
  63  18:30  Roach x5  
  68  18:41  Roach  
  68  18:42  Roach x3  
  72  18:58  Roach x3  
  72  19:00  Roach  
  76  19:04  Ravager  
  76  19:06  Ravager  
  76  19:08  Ravager  
  79  19:21  Roach x5  
Tags
 
Add a new tag
Caveats
  • Supply blocks, unpowered buildings, or Contaminate may cause inaccurate times.
  • Supply counts are checked every 10 seconds.